 Dungeon Crawl Stone Soup version 0.20-a0-16-g0876c8e (webtiles) character file.

93695 Khazard the Slicer (level 15, -1/115 HPs)
             Began as a Demonspawn Skald on Nov 3, 2016.
             Was the Champion of Okawaru.
             Slain by an alligator (11 damage)
             ... on level 1 of the Swamp.
             The game lasted 01:01:04 (31507 turns).

Khazard the Slicer (Demonspawn Skald)              Turns: 31507, Time: 01:01:04

Health: -1/115     AC: 15    Str: 21    XL:     15   Next: 61%
Magic:  18/23      EV: 19    Int: 21    God:    Okawaru [******]
Gold:   1576       SH: 14    Dex: 16    Spells: 9 memorised, 5 levels left

rFire  + + .     SeeInvis +     b - +6 trident "Ybrewael" {pierce, rF+ Int+2 Stlth+}
rCold  . . .     Gourm    .     z - +5 leather armour of the Gastropod {MR+ SInv}
rNeg   . . .     Faith    +     C - +1 buckler {AC+3}
rPois  +         Spirit   .     W - +0 helmet
rElec  .         Reflect  .     M - +0 cloak of Nobility {MR+ Regen+ Int+4 Dex+2}
rCorr  .         Harm     .     k - +0 pair of gloves {archery}
MR     +++..     Clarity  +     (boots unavailable)
Stlth  ++++++++..               Q - amulet of Balance {Faith Str+6 Int+2 Dex-3}
                                J - ring of poison resistance
                                G - ring of protection from fire

@: repel missiles
A: hooves 3, large bone plates 3, clarity, nightstalker 3, robust 1, wild magic
1
a: Heroism, Finesse, Renounce Religion


You were on level 1 of the Swamp.
You worshipped Okawaru.
Okawaru was exalted by your worship.
You were not hungry.

You visited 5 branches of the dungeon, and saw 25 of its levels.
You also visited: Labyrinth, Sewer, Bailey and Volcano.

You collected 2636 gold pieces.
You spent 1060 gold pieces at shops.

Inventory:

Hand Weapons
 a - a +3 short sword of electrocution
 b - the +6 trident "Ybrewael" (weapon) {pierce, rF+ Int+2 Stlth+}
   (You found it on level 1 of the Orcish Mines)

   It inflicts extra damage upon your enemies.
   It affects your intelligence (+2).
   It protects you from fire.
   It makes you more stealthy.
 H - the +10 short sword of Linearity {chaos, Dex+4}
   (You found it on level 1 of the Orcish Mines)

   Each time it hits an enemy it has a different, random effect.
   It affects your dexterity (+4).
 I - a +4 dagger of venom
Missiles
 O - 4 throwing nets (quivered)
Armour
 k - a +0 pair of gloves of archery (worn)
 q - a +0 shield of fire resistance
 r - a +2 ring mail of cold resistance
 w - a +2 scale mail of fire resistance
 z - the +5 leather armour of the Gastropod (worn) {MR+ SInv}
   (You found it on level 11 of the Dungeon)

   It affects your resistance to hostile enchantments.
   It lets you see invisible.
 C - a +1 buckler of protection (worn)
 M - the +0 cloak of Nobility (worn) {MR+ Regen+ Int+4 Dex+2}
   (You found it on level 1 of the Orcish Mines)

   It affects your intelligence (+4).
   It affects your dexterity (+2).
   It affects your resistance to hostile enchantments.
   It increases your rate of regeneration.
 W - a +0 helmet (worn)
Jewellery
 c - an uncursed ring of magical power
 d - an uncursed ring of protection from magic
 F - an uncursed ring of flight
 G - a ring of protection from fire (left hand)
 J - a ring of poison resistance (right hand)
 Q - the amulet of Balance (around neck) {Faith Str+6 Int+2 Dex-3}
   (You found it in a labyrinth)

   [amulet of faith]

   It allows you to gain divine favour quickly.
   It affects your strength (+6).
   It affects your intelligence (+2).
   It affects your dexterity (-3).
 T - an uncursed ring of positive energy
Wands
 B - a wand of random effects (9/48)
 K - a wand of polymorph (18/24)
 N - a wand of iceblast (1/15)
 P - a wand of hasting (3/9)
 U - a wand of hasting (3/9)
Scrolls
 e - 9 scrolls of teleportation
 g - 13 scrolls of remove curse
 h - 3 scrolls of recharging
 j - a scroll of brand weapon
 x - a scroll of enchant weapon
 y - 4 scrolls of fear
 A - 6 scrolls of enchant armour
 V - 2 scrolls of magic mapping
Potions
 f - 7 potions of curing
 i - a potion of resistance
 l - a potion of might
 m - 6 potions of flight
 n - 7 potions of brilliance
 o - a potion of heal wounds
 p - 2 potions of agility
 u - a potion of magic
 R - a potion of ambrosia
Books
 L - a book of Minor Magic

   Spells                             Type                      Level
   a - Magic Dart                     Conjuration                  1
   b - Blink                          Translocation                2
   c - Call Imp                       Summoning                    2
   d - Repel Missiles                 Charms/Air                   2
   e - Slow                           Hexes                        2
   f - Conjure Flame                  Conjuration/Fire             3
   g - Mephitic Cloud                 Conjuration/Poison/Air       3
 X - a book of Power

   Spells                             Type                      Level
   a - Fulminant Prism                Conjuration/Hexes            4
   b - Iskenderun's Mystic Blast      Conjuration                  4
   c - Venom Bolt                     Conjuration/Poison           5
   d - Bolt of Magma                  Conjuration/Fire/Earth       5
   e - Iron Shot                      Conjuration/Earth            6
   f - Orb of Destruction             Conjuration                  7
   g - Spellforged Servitor           Conjuration/Summoning        7
 Z - a book of Air

   Spells                             Type                      Level
   a - Shock                          Conjuration/Air              1
   b - Swiftness                      Charms/Air                   2
   c - Repel Missiles                 Charms/Air                   2
   d - Static Discharge               Conjuration/Air              3
   e - Lightning Bolt                 Conjuration/Air              5
Miscellaneous
 D - a lamp of fire
Comestibles
 E - 10 fruits
 S - 10 royal jellies
 Y - 6 meat rations


   Skills:
 + Level 5.8 Fighting
 - Level 12.2 Short Blades
 * Level 6.3 Polearms
 + Level 5.7 Armour
 + Level 10.2 Dodging
 - Level 11.7 Stealth
 - Level 4.8 Shields
 - Level 5.9 Spellcasting
 - Level 3.6 Conjurations
 - Level 5.5 Hexes
 - Level 5.2 Charms
 - Level 6.2 Necromancy
 - Level 2.1 Transmutations
 - Level 3.5 Air Magic
 - Level 2.1 Earth Magic
 - Level 4.0 Poison Magic
 - Level 9.7 Invocations


You had 5 spell levels left.
You knew the following spells:

 Your Spells              Type           Power        Failure   Level  Hunger
a - Infusion              Chrm           ####         2%          1    None
b - Blink                 Tloc           N/A          28%         2    None
c - Shroud of Golubria    Chrm/Tloc      ###.......   12%         2    None
d - Passwall              Tmut/Erth      ###.......   14%         2    None
e - Mephitic Cloud        Conj/Pois/Air  ####....     14%         3    ##.....
f - Regeneration          Chrm/Necr      #####.....   6%          3    ##.....
k - Repel Missiles        Chrm/Air       ####..       6%          2    None
z - Spectral Weapon       Hex/Chrm       #####...     8%          3    ##.....
S - Song of Slaying       Chrm           #####...     3%          2    None


Dungeon Overview and Level Annotations

Branches:
Dungeon (15/15)            Temple (1/1) D:4            Lair (6/6) D:8
  Swamp (1/4) Lair:4       Spider (0/4) Lair:4        Slime (0/5) Lair:6
    Orc (2/2) D:12            Elf (0/3) Orc:2        Vaults (0/5) D:14
 Depths (0/5) D:15

Altars:
Cheibriados
Elyvilon
Fedhas
Gozag
Hepliaklqana
Makhleb
Okawaru
Qazlal
Ru
Sif Muna
Uskayaw
Zin
Beogh

Shops:
Orc:1 [   Orc:2 [(?*

Portals:
Trove: D:10 (give 9 potions of agility)


Innate Abilities, Weirdness & Mutations

You have hooves in place of feet.
You are completely covered in large bone plates. (SH +8)
You are completely attuned to the shadows.
You possess an exceptional clarity of mind.
You are robust. (+10% HP)
Your spells are a little harder to cast, but a little more powerful.


Message History

The alligator closely misses you.
The bog body gestures at you while chanting.
The bolt of cold hits you!
* * * LOW HITPOINT WARNING * * *
The alligator bites you but does no damage.
You block the alligator's attack.
Unknown command.
You feel much better.
The bog body points at you and mumbles some strange words.
The bolt of cold misses you. The alligator bites you!!
* * * LOW HITPOINT WARNING * * *
The alligator tail-slaps you.
* * * LOW HITPOINT WARNING * * *
Unknown command.
Unknown command.
You feel much better. The bog body barely misses you.
You block the bog body's attack. The alligator bites you!!
* * * LOW HITPOINT WARNING * * *
The alligator tail-slaps you!
You die...

♣♣♣ ...♣♣ .≈≈.♣
≈≈≈.♣♣♣ ...♣.≈≈.≈
...≈..♣♣ .≈≈≈....≈≈
..≈.≈≈.♣ .≈≈≈≈....≈≈
.♣.≈≈≈.♣♣.≈≈≈≈≈.≈....
♣♣.≈≈≈.≈♣.≈≈≈≈≈.♣♣...
♣♣.≈≈≈..♣≈...[.≈@....
......†.♣.♣♣...n.t≈≈.
..≈≈..†♣§.♣♣♣..(..≈≈≈
.§≈.♣♣♣♣♣≈.........≈≈
♣♣♣♣≈≈ ♣♣.≈≈≈≈≈.....
♣♣ ♣.≈≈≈≈≈.≈.
♣.≈≈≈≈... ♣♣...♣♣≈


You could see an alligator, a bog body and a friendly spectral trident
"Ybrewael" {pierce, rF+ Int+2 Stlth+}.

Vanquished Creatures
  Rupert (D:15)
  A frost giant (Orc:1)
  An orc warlord (Orc:2)
  A minotaur (Lab)
  A fire dragon (Lair:6)
  A vault guard (D:14)
  The ghost of KristoblXynda the Cleaver, a journeyman MiSk of Ashenzari (Volcano)
  7 hydras
  An alligator (Swamp:1)
  A catoblepas (D:13)
  A death knight (D:13)
  2 centaur warriors (D:13)
  An ogre mage (Orc:1)
  An orc high priest (Orc:2)
  3 death yaks (Lair:5)
  A swamp dragon (Swamp:1)
  A wizard (D:14)
  21 hill giants
  The ghost of azzavlup the Fighter, a novice DsAK of Lugonu (D:7)
  Pikel (D:8)
  An orc knight (Orc:1)
  2 phantasmal warriors
  A manticore (D:13)
  A wolf spider zombie (D:14)
  10 ugly things
  A salamander (shapeshifter) (D:15)
  Maurice (D:8)
  4 cyclopes
  4 centaur zombies
  Joseph (D:8)
  3 black mambas
  3 molten gargoyles
  6 spiny frogs
  2 freezing wraiths
  2 kobold demonologists
  4 efreet
  2 rime drakes
  4 centaur skeletons
  6 komodo dragons
  2 tengu conjurers (D:14)
  3 trolls
  2 tyrant leeches
  A wind drake (shapeshifter) (D:15)
  8 polar bears (Lair:6)
  A blink frog (shapeshifter) (D:11)
  Grinder (D:4)
  22 blink frogs
  2 hornets
  5 slime creatures (D:15)
  A two-headed ogre (D:9)
  3 raiju (Lair:6)
  A raiju (shapeshifter) (D:15)
  16 hippogriffs
  2 shadows
  Sigmund (D:6)
  A redback (shapeshifter) (D:14)
  7 fire elementals (Volcano)
  The ghost of Philosophy the Archer, an amateur CeHu (D:4)
  4 basilisks
  2 wyverns
  26 yaks
  6 hungry ghosts
  4 vampire mosquitoes (Swamp:1)
  3 steam dragons (Lair:6)
  11 wargs
  4 mottled dragons
  A soldier ant (D:13)
  A swamp worm (Lair:4)
  Menkaure (D:6)
  16 water moccasins
  9 hell hounds
  4 porcupines
  40 orc warriors
  2 swamp drakes
  6 sky beasts
  14 black bears
  2 phantoms
  7 ice beasts
  18 ogres
  25 wolves
  3 boggarts (D:15)
  4 centaurs
  8 crocodiles
  5 big kobolds
  8 gnoll sergeants (Bailey)
  16 bullfrogs
  2 wyvern skeletons
  7 scorpions
  A killer bee (shapeshifter) (D:15)
  20 killer bees
  A vampire bat (Lair:2)
  A howler monkey (D:11)
  6 electric eels
  8 crimson imps
  A lava snake (D:8)
  A bullfrog zombie (D:4)
  5 jellies
  21 hounds
  Crazy Yiuf (D:6)
  3 bullfrog skeletons
  7 gnoll shamans
  29 orc priests
  28 orc wizards
  15 worker ants
  4 iguanas
  2 killer bee zombies (D:8)
  A hound skeleton (D:7)
  2 hound zombies
  A howler monkey zombie (D:10)
  2 worker ant zombies (D:11)
  A howler monkey skeleton (D:4)
  30 gnolls
  14 adders
  7 shadow imps
  6 oozes
  3 adder zombies
  4 worms
  3 dart slugs
  2 leopard geckos
  113 orcs
  8 giant cockroaches
  6 hobgoblins
  7 jackals
  6 quokkas
  2 ball pythons (Sewer)
  15 bats
  3 frilled lizards
  5 goblins
  34 kobolds
  A quokka skeleton (D:6)
  8 rats
  A fire vortex (Volcano)
  A plant (Lair:6)
886 creatures vanquished.

Vanquished Creatures (others)
  A slave (D:8)
  A boggart (D:15)
  A bullfrog (D:8)
  A hound (Lair:6)
  An orc (D:8)
  2 fungi (Lair:6)
  11 plants (Lair:6)
  20 spectral weapons
  5 toadstools (Swamp:1)
43 creatures vanquished.

Grand Total: 929 creatures vanquished

Notes
Turn   | Place    | Note
-------+----------+-------------------------------------------
     0 | D:1      | Khazard the Demonspawn Skald began the quest for the Orb.
     0 | D:1      | Reached XP level 1. HP: 16/16 MP: 3/3
   289 | D:1      | Gained mutation: You have large cloven feet. [demonic ancestry]
   289 | D:1      | Reached XP level 2. HP: 22/22 MP: 5/5
   699 | D:1      | Learned a level 2 spell: Song of Slaying
   702 | D:1      | Learned a level 2 spell: Shroud of Golubria
   758 | D:2      | Reached skill level 1 in Short Blades
   981 | D:2      | Gained mutation: You have hoof-like feet. [demonic ancestry]
   981 | D:2      | Reached XP level 3. HP: 24/27 MP: 6/6
  1223 | D:2      | Reached skill level 2 in Short Blades
  1223 | D:2      | Reached skill level 1 in Dodging
  1408 | D:3      | Found a glowing drain.
  1427 | D:3      | Gained mutation: You are slightly more attuned to the shadows. [demonic ancestry]
  1427 | D:3      | Reached XP level 4. HP: 15/33 MP: 7/7
  1652 | Sewer    | Entered a sewer
  1912 | Sewer    | Noticed a big kobold
  1935 | Sewer    | Killed a big kobold
  1935 | Sewer    | Reached skill level 3 in Short Blades
  1935 | Sewer    | Gained mutation: You are partially covered in large bone plates. (SH +4) [demonic ancestry]
  1935 | Sewer    | Reached XP level 5. HP: 12/38 MP: 8/8
  2453 | D:3      | Found an opulent altar of Gozag.
  2691 | D:3      | Found a sacrificial altar of Ru.
  2846 | D:3      | Reached skill level 4 in Short Blades
  3025 | D:4      | Noticed an ogre
  3055 | D:4      | Killed an ogre
  3055 | D:4      | Gained mutation: You are mostly covered in large bone plates. (SH +6) [demonic ancestry]
  3055 | D:4      | Reached XP level 6. HP: 31/44 MP: 9/9
  3200 | D:4      | Noticed Philosophy's ghost (amateur CeHu)
  3211 | D:4      | Killed Philosophy's ghost
  3211 | D:4      | Reached skill level 5 in Short Blades
  3427 | D:4      | Reached XP level 7. HP: 22/50 MP: 10/10
  3622 | D:4      | Reached skill level 6 in Short Blades
  3748 | D:4      | Found a staircase to the Ecumenical Temple.
  3792 | Temple   | Entered the Ecumenical Temple
  3816 | Temple   | Became a worshipper of Warmaster Okawaru
  3911 | D:4      | Reached skill level 1 in Invocations
  3991 | D:4      | Noticed Grinder
  3998 | D:4      | Paralysed by Grinder for 3 turns
  4014 | D:4      | Killed Grinder
  4014 | D:4      | Reached * piety under Okawaru
  4208 | D:4      | Reached XP level 8. HP: 52/56 MP: 11/11
  4612 | D:5      | Entered Level 5 of the Dungeon
  4754 | D:5      | Reached skill level 7 in Short Blades
  4951 | D:5      | Reached skill level 1 in Stealth
  4989 | D:5      | Identified a -3 rod of shadows (11/11) (You found it on level 5 of the Dungeon)
  5084 | D:5      | Gained mutation: You possess an exceptional clarity of mind. [mutagenic meat]
  5085 | D:5      | Gained mutation: You are robust. (+10% HP) [mutagenic meat]
  5086 | D:5      | Gained mutation: Your spells are a little harder to cast, but a little more powerful. [mutagenic meat]
  5088 | D:5      | Gained mutation: You are very robust. (+20% HP) [mutagenic meat]
  5089 | D:5      | Lost mutation: You are very robust. (+20% HP) [mutagenic meat]
  5550 | D:5      | Reached skill level 5 in Dodging
  5737 | D:6      | Reached skill level 8 in Short Blades
  5877 | D:6      | Noticed Sigmund
  5890 | D:6      | Killed Sigmund
  5890 | D:6      | Reached ** piety under Okawaru
  5890 | D:6      | Gained mutation: You have hooves in place of feet. [demonic ancestry]
  5890 | D:6      | Reached XP level 9. HP: 48/67 MP: 12/12
  5904 | D:6      | Found a runed door.
  5904 | D:6      | Noticed Menkaure
  6134 | D:6      | Killed Menkaure
  6706 | D:6      | Found a runed door.
  6789 | D:6      | Noticed Crazy Yiuf
  6799 | D:6      | Killed Crazy Yiuf
  6858 | D:6      | Noticed an angel
  6859 | D:6      | Found a glowing silver altar of Zin.
  6995 | D:6      | Reached *** piety under Okawaru
  6995 | D:6      | Reached skill level 5 in Stealth
  7478 | D:6      | Found a roughly hewn altar of Beogh.
  8020 | D:7      | Noticed azzavlup's ghost (novice DsAK)
  8033 | D:7      | Killed azzavlup's ghost
  8033 | D:7      | Reached **** piety under Okawaru
  8033 | D:7      | Reached XP level 10. HP: 64/73 MP: 13/13
  8929 | D:8      | Noticed Maurice
  8948 | D:8      | Killed Maurice
  8976 | D:8      | Noticed Joseph
  8996 | D:8      | Killed Joseph
  9069 | D:8      | Reached ***** piety under Okawaru
  9085 | D:8      | Found a flagged portal.
  9269 | Bailey   | Entered a bailey
 10048 | Bailey   | Learned a level 3 spell: Regeneration
 10468 | Bailey   | Reached skill level 1 in Necromancy
 10562 | Bailey   | Got a smoking leather armour
 10563 | Bailey   | Identified the +1 leather armour of Feasting {*Contam rF+ SInv} (You took it off a gnoll shaman in a bailey)
 11044 | D:8      | Noticed Pikel
 11091 | D:8      | Killed Pikel
 11333 | D:8      | Found a staircase to the Lair.
 11363 | D:8      | Found a hazy altar of Hepliaklqana.
 11368 | D:8      | Gained mutation: You are completely covered in large bone plates. (SH +8) [demonic ancestry]
 11368 | D:8      | Reached XP level 11. HP: 79/79 MP: 15/15
 11460 | D:9      | Received a gift from Okawaru
 12093 | D:9      | Noticed a hill giant
 12123 | D:9      | Killed a hill giant
 12123 | D:9      | Reached skill level 9 in Short Blades
 12362 | D:9      | Found a white marble altar of Elyvilon.
 12722 | D:10     | Entered Level 10 of the Dungeon
 13001 | D:10     | Found a portal to a secret trove of treasure.
 13509 | D:11     | Reached skill level 10 in Short Blades
 13589 | D:11     | Noticed a hill giant
 13622 | D:11     | Killed a hill giant
 13852 | D:11     | Learned a level 2 spell: Passwall
 13887 | D:11     | Noticed a hill giant
 13949 | D:11     | Killed a hill giant
 13949 | D:11     | Reached skill level 1 in Transmutations
 13949 | D:11     | Reached skill level 1 in Earth Magic
 14158 | D:11     | Noticed a green ugly thing
 14172 | D:11     | Killed a green ugly thing
 14523 | D:11     | Reached skill level 1 in Armour
 14648 | D:11     | Got a jewelled leather armour
 14808 | D:11     | Identified the +5 leather armour of the Gastropod {MR+ SInv} (You found it on level 11 of the Dungeon)
 14857 | D:11     | damn
 14975 | D:11     | Reached ****** piety under Okawaru
 15173 | D:12     | Received a gift from Okawaru
 15211 | D:12     | Found a hide-covered altar of Uskayaw.
 15301 | D:12     | Reached XP level 12. HP: 44/88 MP: 17/17
 15307 | D:12     | Reached skill level 5 in Invocations
 15630 | D:12     | Found a staircase to the Orcish Mines.
 16128 | D:13     | Noticed a centaur warrior
 16172 | D:13     | Killed a centaur warrior
 16462 | D:13     | Noticed a catoblepas
 16539 | D:13     | Killed a catoblepas
 16715 | D:13     | Noticed a centaur warrior
 16721 | D:13     | Killed a centaur warrior
 16954 | D:13     | Noticed a death knight
 16964 | D:13     | Killed a death knight
 16964 | D:13     | Received a gift from Okawaru
 17135 | D:12     | Learned a level 3 spell: Spectral Weapon
 17180 | D:12     | Reached skill level 1 in Hexes
 17180 | D:12     | Reached skill level 5 in Necromancy
 17223 | D:13     | Noticed a seven-headed hydra
 17244 | D:13     | Killed a seven-headed hydra
 17673 | D:14     | Received a gift from Okawaru
 17815 | D:14     | Reached skill level 1 in Shields
 17829 | D:14     | Noticed a vault guard
 17845 | D:14     | Killed a vault guard
 17845 | D:14     | Gained mutation: You are significantly more attuned to the shadows. [demonic ancestry]
 17845 | D:14     | Reached XP level 13. HP: 81/96 MP: 19/19
 17957 | D:14     | Found a gate to the Vaults.
 19256 | Lair:1   | Entered Level 1 of the Lair of Beasts
 19275 | Lair:1   | Found a labyrinth entrance.
 19291 | Lab      | Entered a labyrinth
 19545 | Lab      | Noticed a minotaur
 19555 | Lab      | Killed a minotaur
 19555 | Lab      | Received a gift from Okawaru
 19555 | Lab      | Reached skill level 10 in Stealth
 19556 | Lab      | Got a bloodstained robe {god gift}
 19567 | Lab      | Identified the +1 robe of Okawaru {Int+2 SInv} (Okawaru gifted it to you in a labyrinth)
 19589 | Lab      | Got a brightly glowing pewter amulet
 19591 | Lab      | Identified the amulet of Balance {Faith Str+6 Int+2 Dex-3} (You found it in a labyrinth)
 19604 | Lab      | Got warped steam dragon scales
 19617 | Lab      | Identified the +2 steam dragon scales "Turrifecw" {+Blink rElec rC- rN+} (You found it in a labyrinth)
 20007 | Lair:1   | Found a stormy altar of Qazlal.
 20631 | Lair:2   | Found a dark tunnel.
 20644 | Volcano  | Entered a volcano
 20705 | Volcano  | Reached skill level 11 in Short Blades
 20963 | Volcano  | Noticed KristoblXynda's ghost (journeyman MiSk)
 20974 | Volcano  | Killed KristoblXynda's ghost
 21168 | Lair:2   | Reached skill level 5 in Spellcasting
 22069 | Lair:3   | Reached skill level 5 in Charms
 22109 | Lair:3   | Reached skill level 5 in Hexes
 22328 | Lair:3   | Received a gift from Okawaru
 22332 | Lair:3   | Got an ancient short sword {god gift}
 22333 | Lair:3   | Identified the +6 short sword of the Jolly Moons {drain, +Fly} (Okawaru gifted it to you on level 3 of the Lair of Beasts)
 22405 | Lair:3   | Reached skill level 5 in Fighting
 22842 | Lair:4   | Found a hole to the Spider Nest.
 22848 | Lair:4   | Gained mutation: You are completely attuned to the shadows. [demonic ancestry]
 22848 | Lair:4   | Reached XP level 14. HP: 94/107 MP: 22/22
 23493 | Lair:4   | Learned a level 2 spell: Blink
 23496 | Lair:4   | Learned a level 2 spell: Repel Missiles
 23609 | Lair:4   | Found a staircase to the Swamp.
 23624 | Lair:4   | Learned a level 3 spell: Mephitic Cloud
 23926 | Lair:5   | Reached skill level 1 in Poison Magic
 23944 | Lair:5   | Reached skill level 1 in Air Magic
 23964 | Lair:5   | Got a warped buckler
 23979 | Lair:5   | Identified the -2 buckler "Guojunesay" {rF+ rC- Int+7} (You found it on level 5 of the Lair of Beasts)
 24732 | Lair:6   | Entered Level 6 of the Lair of Beasts
 24850 | Lair:6   | Received a gift from Okawaru
 24851 | Lair:6   | Got a shadowed robe {god gift}
 24862 | Lair:6   | Identified the +1 robe of the Thoughtful Ships {+Inv Int+2} (Okawaru gifted it to you on level 6 of the Lair of Beasts)
 25140 | Lair:6   | Found a staircase to the Slime Pits.
 25556 | Lair:6   | Reached skill level 1 in Conjurations
 26591 | D:15     | Entered Level 15 of the Dungeon
 26621 | D:15     | Noticed Rupert
 26861 | D:15     | Killed Rupert
 26861 | D:15     | Received a gift from Okawaru
 26869 | D:15     | Got an encrusted hunting sling {god gift}
 26870 | D:15     | Identified the +8 hunting sling of the Skies Above {freeze, Fragile rPois MP+9 Str+4} (Okawaru gifted it to you on level 15 of the Dungeon)
 27017 | D:15     | Reached skill level 12 in Short Blades
 27279 | D:15     | Received a gift from Okawaru
 27279 | D:15     | Reached XP level 15. HP: 106/113 MP: 18/23
 27296 | D:15     | Found a staircase to the Depths.
 27336 | D:15     | Reached skill level 5 in Armour
 28004 | D:15     | Received a gift from Okawaru
 28275 | Orc:1    | Entered Level 1 of the Orcish Mines
 28288 | Orc:1    | Found Omawked's Armour Boutique.
 28352 | Orc:1    | Found a roughly hewn altar of Beogh.
 29129 | Orc:1    | Noticed a frost giant
 29333 | Orc:1    | Killed a frost giant
 29333 | Orc:1    | Reached skill level 5 in Polearms
 29364 | Orc:1    | Got a shimmering cloak
 29375 | Orc:1    | Identified the +0 cloak of Nobility {MR+ Regen+ Int+4 Dex+2} (You found it on level 1 of the Orcish Mines)
 29381 | Orc:1    | Got a dazzling quarterstaff
 29387 | Orc:1    | Identified the cursed +1 quarterstaff of Meemimya {freeze, rElec} (You found it on level 1 of the Orcish Mines)
 29419 | Orc:1    | Got a scorched trident
 29420 | Orc:1    | Identified the +6 trident "Ybrewael" {pierce, rF+ Int+2 Stlth+} (You found it on level 1 of the Orcish Mines)
 29427 | Orc:1    | Got a twisted flail
 29428 | Orc:1    | Identified the +5 flail of Resourcefulness {antimagic, rF+ rC- Dex+4} (You found it on level 1 of the Orcish Mines)
 29431 | Orc:1    | Got an encrusted short sword
 29432 | Orc:1    | Identified the +10 short sword of Linearity {chaos, Dex+4} (You found it on level 1 of the Orcish Mines)
 29954 | Orc:2    | Entered Level 2 of the Orcish Mines
 29992 | Orc:2    | Found a roughly hewn altar of Beogh.
 30028 | Orc:2    | Found Kicoqoed's General Store.
 30163 | Orc:2    | Found a roughly hewn altar of Beogh.
 30201 | Orc:2    | Found a roughly hewn altar of Beogh.
 30225 | Orc:2    | Found a staircase to the Elven Halls.
 30485 | Orc:2    | Noticed an orc warlord
 30488 | Orc:2    | Reached skill level 10 in Dodging
 30499 | Orc:2    | Killed an orc warlord
 30532 | Orc:2    | Received a gift from Okawaru
 30593 | Orc:2    | Found Lerchozok's Antique Weapon Emporium.
 30593 | Orc:2    | Found Ablacen's Antique Armour Shoppe.
 30594 | Orc:2    | Found a roughly hewn altar of Beogh.
 30605 | Orc:2    | Bought an embroidered hat for 280 gold pieces
 30785 | Orc:2    | Found a roughly hewn altar of Beogh.
 30825 | Orc:2    | Found a roughly hewn altar of Beogh.
 30943 | Orc:2    | Found a roughly hewn altar of Beogh.
 30997 | Orc:2    | Found a roughly hewn altar of Beogh.
 31023 | Orc:2    | Found Tewkas's Magic Scroll Boutique.
 31037 | Orc:2    | Bought a scroll of acquirement for 780 gold pieces
 31322 | Swamp:1  | Entered Level 1 of the Swamp
 31507 | Swamp:1  | Slain by an alligator

Vault maps used:
D:1:      ncdulo_lavacross
D:2:      serial_bayou_lake_a
D:3:      kennysheep_six_static_rooms, nicolae_ru_sacrificial_ziggurat,
          gup_sewer_entry_glass, grunt_gozag_breadcrumbs
D:4:      first_bread, uniq_grinder
D:6:      zin_angel, lightli_church_of_beogh, uniq_crazy_yiuf_cottage,
          uniq_sigmund, uniq_menkaure
D:7:      nicolae_overflow_hidden_temple, grunt_ogre_cave, grunt_ministairs_9
D:8:      marbit_many_paths, lair_0_dummy, enter_bailey_8,
          nicolae_lava_and_water, uniq_pikel, uniq_joseph, uniq_maurice
D:9:      kennysheep_little_box
D:10:     enter_trove_6
D:11:     kennysheep_blocky_room
D:12:     minmay_klotski, david_orc_3, basic_altar
D:13:     minmay_distorted_concentric_squares, st_stairs_14
D:14:     david_vaults_5
D:15:     gammafunk_enter_depths_forms, abandoned_shop, uniq_rupert
Temple:   nicolae_temple_elliptical
Lair:1:   basic_altar, lab_entry_generic
Lair:2:   enter_volcano_3, roderic_batcave
Lair:4:   minmay_swamp_entry_worms, nicolae_spider_entry_non_spiders,
          serial_bayou_shore_b, lemuel_fruit_tree, infiniplex_staircase_pool,
          grunt_megastairs_2
Lair:5:   lemuel_fruit_fields
Lair:6:   hangedman_lair_caniforms_friends, guppyfry_lair_end_dragon,
          slime_dummy
Swamp:1:  cheibrodos_swamp_tower_of_moss, infiniplex_staircase_pool_2,
          uniq_louise
Orc:1:    giant_chief_lemuel, serial_shops, shop, mines1_david
Orc:2:    grunt_orc_community_town_hall, grunt_orc_community_big_house_1,
          grunt_orc_community_big_house_1, grunt_orc_community_house_1,
          grunt_orc_community_house_1, grunt_orc_community_house_3,
          grunt_orc_community_house_2, grunt_orc_community_house_3,
          grunt_orc_community_house_2, basic_altar
Lab:      labyrinth_green, labyrinth_glass_1, nicolae_lab_grate,
          nicolae_lab_lava, nicolae_lab_t_cross, nicolae_lab_checkerboard,
          nicolae_lab_quarters, labyrinth_skeletal_remains, labyrinth_lava_lair,
          nicolae_lab_starburst, nicolae_lab_blocks
Sewer:    kennysheep_pipe_town
Bailey:   bailey_polearm_gnolls_kennysheep, bailey
Volcano:  volcano_aerie

Skill      XL: |  1  2  3  4  5  6  7  8  9 10 11 12 13 14 15 |
---------------+----------------------------------------------+-----
Polearms       | 2 6 |  6.3
Short Blades   | 1 2 3 4 5 6 8 10 11 12 | 12.2
Dodging        | 1 2 3 4 5 7 8 9 10 | 10.2
Invocations    | 2 3 4 7 9 |  9.7
Stealth        | 3 7 8 9 10 11 | 11.7
Necromancy     | 3 4 6 |  6.2
Charms         | 3 4 5 |  5.2
Spellcasting   | 3 4 5 |  5.9
Transmutations | 2 |  2.1
Earth Magic    | 2 |  2.1
Armour         | 1 3 4 5 |  5.7
Fighting       | 3 5 |  5.8
Hexes          | 3 5 |  5.5
Shields        | 2 4 |  4.8
Poison Magic   | 4 |  4.0
Air Magic      | 3 |  3.5
Conjurations   | 3 |  3.6

Action                   |  1- 3 |  4- 6 |  7- 9 | 10-12 | 13-15 || total
-------------------------+-------+-------+-------+-------+-------++-------
Melee: Spear             |    31 |       |       |       |       ||    31
       Dagger            |    49 |   142 |   422 |   708 |    60 ||  1381
       Kick              |     7 |    31 |   133 |   351 |   552 ||  1074
       Short sword       |       |       |       |   375 |  1458 ||  1833
       Punch             |       |       |       |     2 |       ||     2
       Trident           |       |       |       |       |   155 ||   155
Throw: Javelin           |       |       |     4 |     1 |       ||     5
       Throwing net      |       |       |       |     5 |     9 ||    14
 Cast: Infusion          |     1 |       |       |       |     1 ||     2
       Song of Slaying   |       |       |       |     6 |    13 ||    19
       Regeneration      |       |       |       |    14 |    47 ||    61
       Passwall          |       |       |       |     1 |       ||     1
       Spectral Weapon   |       |       |       |    10 |   106 ||   116
       Mephitic Cloud    |       |       |       |       |    15 ||    15
       Repel Missiles    |       |       |       |       |     4 ||     4
       Blink             |       |       |       |       |     3 ||     3
Invok: Heroism           |       |       |     1 |     4 |     7 ||    12
       Finesse           |       |       |       |       |     1 ||     1
Evoke: Wand              |       |       |     2 |     4 |    20 ||    26
       Rod               |       |       |     2 |       |     1 ||     3
  Use: Scroll            |     4 |     1 |    10 |    21 |    14 ||    50
       Potion            |       |     5 |     4 |     1 |    10 ||    20
 Stab: Sleeping          |       |     4 |    18 |    26 |    62 ||   110
       Distracted        |       |       |       |    10 |    14 ||    24
       Held in net/web   |       |       |       |     8 |     8 ||    16
       Confused          |       |       |       |       |    11 ||    11
  Eat: Bread ration      |     1 |       |     1 |     2 |    10 ||    14
       Chunk             |       |     2 |    12 |    13 |     5 ||    32
       Pizza             |       |     1 |       |       |     3 ||     4
       Meat ration       |       |       |     2 |       |       ||     2
       Beef jerky        |       |       |       |     9 |       ||     9
       Fruit             |       |       |       |     7 |     3 ||    10
       Royal jelly       |       |       |       |       |     2 ||     2
Armor: Leather armour    |    26 |    26 |    49 |    44 |   197 ||   342
       Skin              |       |       |     5 |       |       ||     5
       Robe              |       |       |       |    57 |       ||    57
       Scale mail        |       |       |       |       |    15 ||    15
Dodge: Dodged            |    52 |    69 |   147 |   575 |   697 ||  1540
       Deflected         |       |       |       |       |     8 ||     8
Block: Other             |       |     8 |    73 |   229 |       ||   310
       Buckler           |       |       |       |     7 |   798 ||   805
